AoeStats
← nauj1117

Arena

505137952Analyzed
1v1 RM · 25d ago on Sep 8, 2026· 45m 35s· 2 players
Game mode
Random Map
Map size
Tiny (2 player)
Population
200
Speed
Normal
Resources
Standard
Victory
Conquest
Starting age
Dark Age
Ending age
Imperial Age
RankedLock teamsTeams togetherTeam positionsShared explorationLock speedFull tech treeHidden civsTurbo modeCheats
Victory
Defeat
🇺🇸 Bohemians · United States
780
+17
🇲🇽 Poles · Mexico
805
-17
ShadowKat
10:12 Feudal Age
10:38 Double-Bit Axe
10:33 Horse Collar
12:28 Loom
17:48 Castle Age
18:50 Bow Saw
21:20 Arson
22:00 Heavy Plow
22:20 Fletching
24:25 Fervor
26:50 Wheelbarrow
27:43 Town Watch
29:11 Bodkin Arrow
30:58 Squires
30:19 Pikeman
32:55 Wagenburg Tactics
36:00 Imperial Age
35:53 Chemistry
35:04 Masonry
35:15 Ballistics
35:30 Hand Cart
37:58 Elite Hussite Wagon
40:11 Siege Engineers
40:49 Bracer
40:37 Light Cavalry
41:17 Husbandry
45:43 Town Patrol
nauj1117
9:49 Feudal Age
12:26 Horse Collar
12:37 Double-Bit Axe
18:02 Castle Age
17:37 Loom
18:34 Gold Mining
19:48 Squires
19:09 Pikeman
19:35 Arson
22:09 Scale Barding Armor
22:15 Forging
23:32 Szlachta Privileges
26:37 Chain Barding Armor
28:50 Husbandry
28:14 Light Cavalry
29:13 Bloodlines
40:17 Imperial Age
39:24 Wheelbarrow
38:35 Town Watch
39:32 Iron Casting
38:59 Scale Mail Armor
39:48 Heavy Plow
42:01 Fortified Wall
42:54 Chemistry
43:20 Onager
45:11 Elite Skirmisher
Connection lost

Rejoining the realm…

Still unreachable

The connection could not be restored.

Session expired

The server has moved on; the page needs a fresh start.